AoeStats
← MladejBaller

Northern Isles

510301241Analyzed
1v1 RM · 2d ago on Sep 30, 2026· 38m 44s· 2 players
Game mode
Random Map
Map size
Tiny (2 player)
Population
200
Speed
Normal
Resources
Standard
Victory
Conquest
Starting age
Dark Age
Ending age
Imperial Age
RankedLock teamsTeams togetherTeam positionsShared explorationLock speedFull tech treeHidden civsTurbo modeCheats
Victory
Defeat
🇨🇿 Vikings · Czechia
602
+18
🇹🇼 Danes · Taiwan
644
-18
MladejBaller
10:32 Feudal Age
18:57 Castle Age
18:18 Fishing Lines
29:31 Imperial Age
27:52 Fletching
30:16 Forging
30:01 Bodkin Arrow
37:07 Iron Casting
36:34 Bracer
PaTrick Sun
12:51 Feudal Age
13:34 Double-Bit Axe
13:32 Horse Collar
14:19 Loom
18:35 Gold Mining
20:52 Castle Age
22:52 Wheelbarrow
22:10 Gambesons
22:17 Arson
24:19 Stone Mining
25:27 Gold Shaft Mining
27:39 Stone Shaft Mining
27:31 Bow Saw
28:10 Heavy Plow
33:35 Imperial Age
31:28 Hand Cart
31:53 Scale Mail Armor
32:38 Hamask
34:59 Conscription
34:11 Elite Varangian Guard
35:50 Cranequins
39:37 Conscription
Connection lost

Rejoining the realm…

Still unreachable

The connection could not be restored.

Session expired

The server has moved on; the page needs a fresh start.